Workbook

Sheet Instructions
A22: Sales Summery | B22: Total Sell | C22: Total Cost | D22: Total Paid
A23: Shelton | B23: =PzaSellSht!AH55 -> 0 | C23: =B23-PzaProfit!AG55 -> 0 | D23: =PzaSellSht!AJ54 -> 0
D27: 0 | E27: Collected Cash
D28: 0 | E28: Collected Checks
D29: =D27+D28 -> 0 | E29: Total Deposit

Sheet PzaSellSht
A1: Name | B1: Choc Chip | C1: Choc/Macadamia | D1: Peanut Butter/Choc | E1: Sea Salt Carmel | F1: Three Cheese Pza | G1: Italian Sausage Pza | H1: Pepperoni Pza | I1: Pepp/Italian Sausage | J1: Supreme Pza | K1: Four Meat Pza | L1: Garlic Chic Alfredo | M1: Breakfast Pza | N1: Pizza Fries | O1: Garlic Bread | P1: Brats-Bacon/Ched | Q1: Brats-Jalapeno/Ched | R1: Brats-Wild Rice | S1: Brats-Beer | T1: Brats-Regular | U1: Brats-Gangster | V1: Beef Stk-Regular | W1: Beef Stk-Jalap/Ched | X1: Beef Stk-Teriyaki | Y1: Beef Stk-Salami/Ched | Z1: Apple Crisp | AA1: Cherry Crisp | AB1: Straw/Rhub Crisp | AC1: Variety Value Pack | AD1: Family Value Pack | AE1: Ultimate Value Pack | AG1: Total Count | AH1: Total Owed | AJ1: Amt Collected | AK1: diff | AL1: Notes
A2: Sell Price ea > | B2: =PzaPrice!B2 -> 20 | C2: =PzaPrice!C2 -> 20 | D2: =PzaPrice!D2 -> 20 | E2: =PzaPrice!E2 -> 20 | F2: =PzaPrice!F2 -> 12 | G2: =PzaPrice!G2 -> 12 | H2: =PzaPrice!H2 -> 12 | I2: =PzaPrice!I2 -> 12 | ... AE2: =PzaPrice!AE2 -> 48
AG3: =SUM(B3:AE3) -> 0 | AH3: =(B3*B$2)+(C3*C$2)+(D3*D$2)+(E3*E$2)+(F3*F$2)+(G3*G$2)+(H3*H$2)+(I3*I$2)+(J3*J$2)+(K3*K$2)+(L3*L$2)+(M3*M$2)+(N3*N$2)+(O3*O$2)+(P3*P$2)+(Q3*Q$2)+(R3*R$2)+(S3*S$2)+(T3*T$2)+(U3*U$2)+(V3*V$2)+(W3*W$2)+(X3*X$2)+(Y3*Y$2)+(Z3*Z$2)+(AA3*AA$2)+(AB3*AB$2)+(AC3*AC$2)+(AD3*AD$2)+(AE3*AE$2) -> 0 | AK3: =AJ3-AH3 -> 0
AG4: =SUM(B4:AE4) -> 0 | AH4: =(B4*B$2)+(C4*C$2)+(D4*D$2)+(E4*E$2)+(F4*F$2)+(G4*G$2)+(H4*H$2)+(I4*I$2)+(J4*J$2)+(K4*K$2)+(L4*L$2)+(M4*M$2)+(N4*N$2)+(O4*O$2)+(P4*P$2)+(Q4*Q$2)+(R4*R$2)+(S4*S$2)+(T4*T$2)+(U4*U$2)+(V4*V$2)+(W4*W$2)+(X4*X$2)+(Y4*Y$2)+(Z4*Z$2)+(AA4*AA$2)+(AB4*AB$2)+(AC4*AC$2)+(AD4*AD$2)+(AE4*AE$2) -> 0 | AK4: =AJ4-AH4 -> 0
AG5: =SUM(B5:AE5) -> 0 | AH5: =(B5*B$2)+(C5*C$2)+(D5*D$2)+(E5*E$2)+(F5*F$2)+(G5*G$2)+(H5*H$2)+(I5*I$2)+(J5*J$2)+(K5*K$2)+(L5*L$2)+(M5*M$2)+(N5*N$2)+(O5*O$2)+(P5*P$2)+(Q5*Q$2)+(R5*R$2)+(S5*S$2)+(T5*T$2)+(U5*U$2)+(V5*V$2)+(W5*W$2)+(X5*X$2)+(Y5*Y$2)+(Z5*Z$2)+(AA5*AA$2)+(AB5*AB$2)+(AC5*AC$2)+(AD5*AD$2)+(AE5*AE$2) -> 0 | AK5: =AJ5-AH5 -> 0
AG6: =SUM(B6:AE6) -> 0 | AH6: =(B6*B$2)+(C6*C$2)+(D6*D$2)+(E6*E$2)+(F6*F$2)+(G6*G$2)+(H6*H$2)+(I6*I$2)+(J6*J$2)+(K6*K$2)+(L6*L$2)+(M6*M$2)+(N6*N$2)+(O6*O$2)+(P6*P$2)+(Q6*Q$2)+(R6*R$2)+(S6*S$2)+(T6*T$2)+(U6*U$2)+(V6*V$2)+(W6*W$2)+(X6*X$2)+(Y6*Y$2)+(Z6*Z$2)+(AA6*AA$2)+(AB6*AB$2)+(AC6*AC$2)+(AD6*AD$2)+(AE6*AE$2) -> 0 | AK6: =AJ6-AH6 -> 0
AG7: =SUM(B7:AE7) -> 0 | AH7: =(B7*B$2)+(C7*C$2)+(D7*D$2)+(E7*E$2)+(F7*F$2)+(G7*G$2)+(H7*H$2)+(I7*I$2)+(J7*J$2)+(K7*K$2)+(L7*L$2)+(M7*M$2)+(N7*N$2)+(O7*O$2)+(P7*P$2)+(Q7*Q$2)+(R7*R$2)+(S7*S$2)+(T7*T$2)+(U7*U$2)+(V7*V$2)+(W7*W$2)+(X7*X$2)+(Y7*Y$2)+(Z7*Z$2)+(AA7*AA$2)+(AB7*AB$2)+(AC7*AC$2)+(AD7*AD$2)+(AE7*AE$2) -> 0 | AK7: =AJ7-AH7 -> 0
AG8: =SUM(B8:AE8) -> 0 | AH8: =(B8*B$2)+(C8*C$2)+(D8*D$2)+(E8*E$2)+(F8*F$2)+(G8*G$2)+(H8*H$2)+(I8*I$2)+(J8*J$2)+(K8*K$2)+(L8*L$2)+(M8*M$2)+(N8*N$2)+(O8*O$2)+(P8*P$2)+(Q8*Q$2)+(R8*R$2)+(S8*S$2)+(T8*T$2)+(U8*U$2)+(V8*V$2)+(W8*W$2)+(X8*X$2)+(Y8*Y$2)+(Z8*Z$2)+(AA8*AA$2)+(AB8*AB$2)+(AC8*AC$2)+(AD8*AD$2)+(AE8*AE$2) -> 0 | AK8: =AJ8-AH8 -> 0
AG9: =SUM(B9:AE9) -> 0 | AH9: =(B9*B$2)+(C9*C$2)+(D9*D$2)+(E9*E$2)+(F9*F$2)+(G9*G$2)+(H9*H$2)+(I9*I$2)+(J9*J$2)+(K9*K$2)+(L9*L$2)+(M9*M$2)+(N9*N$2)+(O9*O$2)+(P9*P$2)+(Q9*Q$2)+(R9*R$2)+(S9*S$2)+(T9*T$2)+(U9*U$2)+(V9*V$2)+(W9*W$2)+(X9*X$2)+(Y9*Y$2)+(Z9*Z$2)+(AA9*AA$2)+(AB9*AB$2)+(AC9*AC$2)+(AD9*AD$2)+(AE9*AE$2) -> 0 | AK9: =AJ9-AH9 -> 0
AG10: =SUM(B10:AE10) -> 0 | AH10: =(B10*B$2)+(C10*C$2)+(D10*D$2)+(E10*E$2)+(F10*F$2)+(G10*G$2)+(H10*H$2)+(I10*I$2)+(J10*J$2)+(K10*K$2)+(L10*L$2)+(M10*M$2)+(N10*N$2)+(O10*O$2)+(P10*P$2)+(Q10*Q$2)+(R10*R$2)+(S10*S$2)+(T10*T$2)+(U10*U$2)+(V10*V$2)+(W10*W$2)+(X10*X$2)+(Y10*Y$2)+(Z10*Z$2)+(AA10*AA$2)+(AB10*AB$2)+(AC10*AC$2)+(AD10*AD$2)+(AE10*AE$2) -> 0 | AK10: =AJ10-AH10 -> 0
AG11: =SUM(B11:AE11) -> 0 | AH11: =(B11*B$2)+(C11*C$2)+(D11*D$2)+(E11*E$2)+(F11*F$2)+(G11*G$2)+(H11*H$2)+(I11*I$2)+(J11*J$2)+(K11*K$2)+(L11*L$2)+(M11*M$2)+(N11*N$2)+(O11*O$2)+(P11*P$2)+(Q11*Q$2)+(R11*R$2)+(S11*S$2)+(T11*T$2)+(U11*U$2)+(V11*V$2)+(W11*W$2)+(X11*X$2)+(Y11*Y$2)+(Z11*Z$2)+(AA11*AA$2)+(AB11*AB$2)+(AC11*AC$2)+(AD11*AD$2)+(AE11*AE$2) -> 0 | AK11: =AJ11-AH11 -> 0
AG12: =SUM(B12:AE12) -> 0 | AH12: =(B12*B$2)+(C12*C$2)+(D12*D$2)+(E12*E$2)+(F12*F$2)+(G12*G$2)+(H12*H$2)+(I12*I$2)+(J12*J$2)+(K12*K$2)+(L12*L$2)+(M12*M$2)+(N12*N$2)+(O12*O$2)+(P12*P$2)+(Q12*Q$2)+(R12*R$2)+(S12*S$2)+(T12*T$2)+(U12*U$2)+(V12*V$2)+(W12*W$2)+(X12*X$2)+(Y12*Y$2)+(Z12*Z$2)+(AA12*AA$2)+(AB12*AB$2)+(AC12*AC$2)+(AD12*AD$2)+(AE12*AE$2) -> 0 | AK12: =AJ12-AH12 -> 0
AG13: =SUM(B13:AE13) -> 0 | AH13: =(B13*B$2)+(C13*C$2)+(D13*D$2)+(E13*E$2)+(F13*F$2)+(G13*G$2)+(H13*H$2)+(I13*I$2)+(J13*J$2)+(K13*K$2)+(L13*L$2)+(M13*M$2)+(N13*N$2)+(O13*O$2)+(P13*P$2)+(Q13*Q$2)+(R13*R$2)+(S13*S$2)+(T13*T$2)+(U13*U$2)+(V13*V$2)+(W13*W$2)+(X13*X$2)+(Y13*Y$2)+(Z13*Z$2)+(AA13*AA$2)+(AB13*AB$2)+(AC13*AC$2)+(AD13*AD$2)+(AE13*AE$2) -> 0 | AK13: =AJ13-AH13 -> 0
AG14: =SUM(B14:AE14) -> 0 | AH14: =(B14*B$2)+(C14*C$2)+(D14*D$2)+(E14*E$2)+(F14*F$2)+(G14*G$2)+(H14*H$2)+(I14*I$2)+(J14*J$2)+(K14*K$2)+(L14*L$2)+(M14*M$2)+(N14*N$2)+(O14*O$2)+(P14*P$2)+(Q14*Q$2)+(R14*R$2)+(S14*S$2)+(T14*T$2)+(U14*U$2)+(V14*V$2)+(W14*W$2)+(X14*X$2)+(Y14*Y$2)+(Z14*Z$2)+(AA14*AA$2)+(AB14*AB$2)+(AC14*AC$2)+(AD14*AD$2)+(AE14*AE$2) -> 0 | AK14: =AJ14-AH14 -> 0
... AG53: =SUM(B53:AE53) -> 0 | AH53: =(B53*B$2)+(C53*C$2)+(D53*D$2)+(E53*E$2)+(F53*F$2)+(G53*G$2)+(H53*H$2)+(I53*I$2)+(J53*J$2)+(K53*K$2)+(L53*L$2)+(M53*M$2)+(N53*N$2)+(O53*O$2)+(P53*P$2)+(Q53*Q$2)+(R53*R$2)+(S53*S$2)+(T53*T$2)+(U53*U$2)+(V53*V$2)+(W53*W$2)+(X53*X$2)+(Y53*Y$2)+(Z53*Z$2)+(AA53*AA$2)+(AB53*AB$2)+(AC53*AC$2)+(AD53*AD$2)+(AE53*AE$2) -> 0 | AK53: =AJ53-AH53 -> 0
A54: Count by type | B54: =SUM(B3:B53) -> 0 | C54: =SUM(C3:C53) -> 0 | D54: =SUM(D3:D53) -> 0 | E54: =SUM(E3:E53) -> 0 | F54: =SUM(F3:F53) -> 0 | G54: =SUM(G3:G53) -> 0 | H54: =SUM(H3:H53) -> 0 | I54: =SUM(I3:I53) -> 0 | ... AE54: =SUM(AE3:AE53) -> 0 | AJ54: =SUM(AJ3:AJ53) -> 0 | AK54: =SUM(AK2:AK53) -> 0
AF55: Total Count | AG55: =SUM(AG3:AG53) -> 0 | AH55: =SUM(AH3:AH53) -> 0 | AI55: Total Owed

Sheet Pza-PickUp
A1: Copy and paste Sell Sheet data here to create a pickup and handout sheet. Name | B1: Choc Chip | C1: Choc/Macadamia | D1: Peanut Butter/Choc | E1: Sea Salt Carmel | F1: Three Cheese Pza | G1: Italian Sausage Pza | H1: Pepperoni Pza | I1: Pepp/Italian Sausage | J1: Supreme Pza | K1: Four Meat Pza | L1: Garlic Chic Alfredo | M1: Breakfast Pza | N1: Pizza Fries | O1: Garlic Bread | P1: Brats-Bacon/Ched | Q1: Brats-Jalapeno/Ched | R1: Brats-Wild Rice | S1: Brats-Beer | T1: Brats-Regular | U1: Brats-Gangster | V1: Beef Stk-Regular | W1: Beef Stk-Jalap/Ched | X1: Beef Stk-Teriyaki | Y1: Beef Stk-Salami/Ched | Z1: Apple Crisp | AA1: Cherry Crisp | AB1: Straw/Rhub Crisp | AC1: Variety Value Pack | AD1: Family Value Pack | AE1: Ultimate Value Pack
A2: totals | B2: =SUM(B3:B53) -> 0 | C2: =SUM(C3:C53) -> 0 | D2: =SUM(D3:D53) -> 0 | E2: =SUM(E3:E53) -> 0 | F2: =SUM(F3:F53) -> 0 | G2: =SUM(G3:G53) -> 0 | H2: =SUM(H3:H53) -> 0 | I2: =SUM(I3:I53) -> 0 | ... AE2: =SUM(AE3:AE53) -> 0

Sheet Credits
A1: =PzaSellSht!A1 -> Name | B1: Pizza Sell Price | C1: Pizza Cost | D1: Pay difference | E1: Family Credit | F1: Member Credit Date | H1: Notes
A3: =PzaSellSht!A3 -> 0 | B3: =PzaSellSht!AH3 -> 0 | C3: =B3-PzaProfit!AG3 -> 0 | D3: =PzaSellSht!AK3 -> 0 | E3: =PzaProfit!AG3+D3 -> 0
A4: =PzaSellSht!A4 -> 0 | B4: =PzaSellSht!AH4 -> 0 | C4: =B4-PzaProfit!AG4 -> 0 | D4: =PzaSellSht!AK4 -> 0 | E4: =PzaProfit!AG4+D4 -> 0
A5: =PzaSellSht!A5 -> 0 | B5: =PzaSellSht!AH5 -> 0 | C5: =B5-PzaProfit!AG5 -> 0 | D5: =PzaSellSht!AK5 -> 0 | E5: =PzaProfit!AG5+D5 -> 0
A6: =PzaSellSht!A6 -> 0 | B6: =PzaSellSht!AH6 -> 0 | C6: =B6-PzaProfit!AG6 -> 0 | D6: =PzaSellSht!AK6 -> 0 | E6: =PzaProfit!AG6+D6 -> 0
A7: =PzaSellSht!A7 -> 0 | B7: =PzaSellSht!AH7 -> 0 | C7: =B7-PzaProfit!AG7 -> 0 | D7: =PzaSellSht!AK7 -> 0 | E7: =PzaProfit!AG7+D7 -> 0
A8: =PzaSellSht!A8 -> 0 | B8: =PzaSellSht!AH8 -> 0 | C8: =B8-PzaProfit!AG8 -> 0 | D8: =PzaSellSht!AK8 -> 0 | E8: =PzaProfit!AG8+D8 -> 0
A9: =PzaSellSht!A9 -> 0 | B9: =PzaSellSht!AH9 -> 0 | C9: =B9-PzaProfit!AG9 -> 0 | D9: =PzaSellSht!AK9 -> 0 | E9: =PzaProfit!AG9+D9 -> 0
A10: =PzaSellSht!A10 -> 0 | B10: =PzaSellSht!AH10 -> 0 | C10: =B10-PzaProfit!AG10 -> 0 | D10: =PzaSellSht!AK10 -> 0 | E10: =PzaProfit!AG10+D10 -> 0
A11: =PzaSellSht!A11 -> 0 | B11: =PzaSellSht!AH11 -> 0 | C11: =B11-PzaProfit!AG11 -> 0 | D11: =PzaSellSht!AK11 -> 0 | E11: =PzaProfit!AG11+D11 -> 0
A12: =PzaSellSht!A12 -> 0 | B12: =PzaSellSht!AH12 -> 0 | C12: =B12-PzaProfit!AG12 -> 0 | D12: =PzaSellSht!AK12 -> 0 | E12: =PzaProfit!AG12+D12 -> 0
A13: =PzaSellSht!A13 -> 0 | B13: =PzaSellSht!AH13 -> 0 | C13: =B13-PzaProfit!AG13 -> 0 | D13: =PzaSellSht!AK13 -> 0 | E13: =PzaProfit!AG13+D13 -> 0
A14: =PzaSellSht!A14 -> 0 | B14: =PzaSellSht!AH14 -> 0 | C14: =B14-PzaProfit!AG14 -> 0 | D14: =PzaSellSht!AK14 -> 0 | E14: =PzaProfit!AG14+D14 -> 0
... A53: =PzaSellSht!A53 -> 0 | B53: =PzaSellSht!AH53 -> 0 | C53: =B53-PzaProfit!AG53 -> 0 | D53: =PzaSellSht!AK53 -> 0 | E53: =PzaProfit!AG53+D53 -> 0
A54: Total | B54: =SUM(B3:B53) -> 0 | C54: =SUM(C3:C53) -> 0 | D54: =SUM(D3:D53) -> 0 | E54: =SUM(E3:E53) -> 0
C55: Amount Owed to Hometown

Sheet PzaProfit
A1: =PzaSellSht!A1 -> Name | B1: =PzaSellSht!B1 -> Choc Chip | C1: =PzaSellSht!C1 -> Choc/Macadamia | D1: =PzaSellSht!D1 -> Peanut Butter/Choc | E1: =PzaSellSht!E1 -> Sea Salt Carmel | F1: =PzaSellSht!F1 -> Three Cheese Pza | G1: =PzaSellSht!G1 -> Italian Sausage Pza | H1: =PzaSellSht!H1 -> Pepperoni Pza | ... AE1: =PzaSellSht!AE1 -> Ultimate Value Pack | AF1: Total Count | AG1: Total Profit
A2: Profit ea > | B2: =PzaPrice!B4 -> 5 | C2: =PzaPrice!C4 -> 5 | D2: =PzaPrice!D4 -> 5 | E2: =PzaPrice!E4 -> 5 | F2: =PzaPrice!F4 -> 4 | G2: =PzaPrice!G4 -> 4 | H2: =PzaPrice!H4 -> 4 | I2: =PzaPrice!I4 -> 4 | ... AE2: =PzaPrice!AE4 -> 12
A3: =PzaSellSht!A3 -> 0 | B3: =PzaSellSht!B3*B$2 -> 0 | C3: =PzaSellSht!C3*C$2 -> 0 | D3: =PzaSellSht!D3*D$2 -> 0 | E3: =PzaSellSht!E3*E$2 -> 0 | F3: =PzaSellSht!F3*F$2 -> 0 | G3: =PzaSellSht!G3*G$2 -> 0 | H3: =PzaSellSht!H3*H$2 -> 0 | I3: =PzaSellSht!I3*I$2 -> 0 | ... AE3: =PzaSellSht!AE3*AE$2 -> 0 | AF3: =SUM(PzaSellSht!B3:AE3) -> 0 | AG3: =SUM(B3:AE3) -> 0
A4: =PzaSellSht!A4 -> 0 | B4: =PzaSellSht!B4*B$2 -> 0 | C4: =PzaSellSht!C4*C$2 -> 0 | D4: =PzaSellSht!D4*D$2 -> 0 | E4: =PzaSellSht!E4*E$2 -> 0 | F4: =PzaSellSht!F4*F$2 -> 0 | G4: =PzaSellSht!G4*G$2 -> 0 | H4: =PzaSellSht!H4*H$2 -> 0 | I4: =PzaSellSht!I4*I$2 -> 0 | ... AE4: =PzaSellSht!AE4*AE$2 -> 0 | AF4: =SUM(PzaSellSht!B4:AE4) -> 0 | AG4: =SUM(B4:AE4) -> 0
A5: =PzaSellSht!A5 -> 0 | B5: =PzaSellSht!B5*B$2 -> 0 | C5: =PzaSellSht!C5*C$2 -> 0 | D5: =PzaSellSht!D5*D$2 -> 0 | E5: =PzaSellSht!E5*E$2 -> 0 | F5: =PzaSellSht!F5*F$2 -> 0 | G5: =PzaSellSht!G5*G$2 -> 0 | H5: =PzaSellSht!H5*H$2 -> 0 | I5: =PzaSellSht!I5*I$2 -> 0 | ... AE5: =PzaSellSht!AE5*AE$2 -> 0 | AF5: =SUM(PzaSellSht!B5:AE5) -> 0 | AG5: =SUM(B5:AE5) -> 0
A6: =PzaSellSht!A6 -> 0 | B6: =PzaSellSht!B6*B$2 -> 0 | C6: =PzaSellSht!C6*C$2 -> 0 | D6: =PzaSellSht!D6*D$2 -> 0 | E6: =PzaSellSht!E6*E$2 -> 0 | F6: =PzaSellSht!F6*F$2 -> 0 | G6: =PzaSellSht!G6*G$2 -> 0 | H6: =PzaSellSht!H6*H$2 -> 0 | I6: =PzaSellSht!I6*I$2 -> 0 | ... AE6: =PzaSellSht!AE6*AE$2 -> 0 | AF6: =SUM(PzaSellSht!B6:AE6) -> 0 | AG6: =SUM(B6:AE6) -> 0
A7: =PzaSellSht!A7 -> 0 | B7: =PzaSellSht!B7*B$2 -> 0 | C7: =PzaSellSht!C7*C$2 -> 0 | D7: =PzaSellSht!D7*D$2 -> 0 | E7: =PzaSellSht!E7*E$2 -> 0 | F7: =PzaSellSht!F7*F$2 -> 0 | G7: =PzaSellSht!G7*G$2 -> 0 | H7: =PzaSellSht!H7*H$2 -> 0 | I7: =PzaSellSht!I7*I$2 -> 0 | ... AE7: =PzaSellSht!AE7*AE$2 -> 0 | AF7: =SUM(PzaSellSht!B7:AE7) -> 0 | AG7: =SUM(B7:AE7) -> 0
A8: =PzaSellSht!A8 -> 0 | B8: =PzaSellSht!B8*B$2 -> 0 | C8: =PzaSellSht!C8*C$2 -> 0 | D8: =PzaSellSht!D8*D$2 -> 0 | E8: =PzaSellSht!E8*E$2 -> 0 | F8: =PzaSellSht!F8*F$2 -> 0 | G8: =PzaSellSht!G8*G$2 -> 0 | H8: =PzaSellSht!H8*H$2 -> 0 | I8: =PzaSellSht!I8*I$2 -> 0 | ... AE8: =PzaSellSht!AE8*AE$2 -> 0 | AF8: =SUM(PzaSellSht!B8:AE8) -> 0 | AG8: =SUM(B8:AE8) -> 0
A9: =PzaSellSht!A9 -> 0 | B9: =PzaSellSht!B9*B$2 -> 0 | C9: =PzaSellSht!C9*C$2 -> 0 | D9: =PzaSellSht!D9*D$2 -> 0 | E9: =PzaSellSht!E9*E$2 -> 0 | F9: =PzaSellSht!F9*F$2 -> 0 | G9: =PzaSellSht!G9*G$2 -> 0 | H9: =PzaSellSht!H9*H$2 -> 0 | I9: =PzaSellSht!I9*I$2 -> 0 | ... AE9: =PzaSellSht!AE9*AE$2 -> 0 | AF9: =SUM(PzaSellSht!B9:AE9) -> 0 | AG9: =SUM(B9:AE9) -> 0
A10: =PzaSellSht!A10 -> 0 | B10: =PzaSellSht!B10*B$2 -> 0 | C10: =PzaSellSht!C10*C$2 -> 0 | D10: =PzaSellSht!D10*D$2 -> 0 | E10: =PzaSellSht!E10*E$2 -> 0 | F10: =PzaSellSht!F10*F$2 -> 0 | G10: =PzaSellSht!G10*G$2 -> 0 | H10: =PzaSellSht!H10*H$2 -> 0 | I10: =PzaSellSht!I10*I$2 -> 0 | ... AE10: =PzaSellSht!AE10*AE$2 -> 0 | AF10: =SUM(PzaSellSht!B10:AE10) -> 0 | AG10: =SUM(B10:AE10) -> 0
A11: =PzaSellSht!A11 -> 0 | B11: =PzaSellSht!B11*B$2 -> 0 | C11: =PzaSellSht!C11*C$2 -> 0 | D11: =PzaSellSht!D11*D$2 -> 0 | E11: =PzaSellSht!E11*E$2 -> 0 | F11: =PzaSellSht!F11*F$2 -> 0 | G11: =PzaSellSht!G11*G$2 -> 0 | H11: =PzaSellSht!H11*H$2 -> 0 | I11: =PzaSellSht!I11*I$2 -> 0 | ... AE11: =PzaSellSht!AE11*AE$2 -> 0 | AF11: =SUM(PzaSellSht!B11:AE11) -> 0 | AG11: =SUM(B11:AE11) -> 0
A12: =PzaSellSht!A12 -> 0 | B12: =PzaSellSht!B12*B$2 -> 0 | C12: =PzaSellSht!C12*C$2 -> 0 | D12: =PzaSellSht!D12*D$2 -> 0 | E12: =PzaSellSht!E12*E$2 -> 0 | F12: =PzaSellSht!F12*F$2 -> 0 | G12: =PzaSellSht!G12*G$2 -> 0 | H12: =PzaSellSht!H12*H$2 -> 0 | I12: =PzaSellSht!I12*I$2 -> 0 | ... AE12: =PzaSellSht!AE12*AE$2 -> 0 | AF12: =SUM(PzaSellSht!B12:AE12) -> 0 | AG12: =SUM(B12:AE12) -> 0
A13: =PzaSellSht!A13 -> 0 | B13: =PzaSellSht!B13*B$2 -> 0 | C13: =PzaSellSht!C13*C$2 -> 0 | D13: =PzaSellSht!D13*D$2 -> 0 | E13: =PzaSellSht!E13*E$2 -> 0 | F13: =PzaSellSht!F13*F$2 -> 0 | G13: =PzaSellSht!G13*G$2 -> 0 | H13: =PzaSellSht!H13*H$2 -> 0 | I13: =PzaSellSht!I13*I$2 -> 0 | ... AE13: =PzaSellSht!AE13*AE$2 -> 0 | AF13: =SUM(PzaSellSht!B13:AE13) -> 0 | AG13: =SUM(B13:AE13) -> 0
A14: =PzaSellSht!A14 -> 0 | B14: =PzaSellSht!B14*B$2 -> 0 | C14: =PzaSellSht!C14*C$2 -> 0 | D14: =PzaSellSht!D14*D$2 -> 0 | E14: =PzaSellSht!E14*E$2 -> 0 | F14: =PzaSellSht!F14*F$2 -> 0 | G14: =PzaSellSht!G14*G$2 -> 0 | H14: =PzaSellSht!H14*H$2 -> 0 | I14: =PzaSellSht!I14*I$2 -> 0 | ... AE14: =PzaSellSht!AE14*AE$2 -> 0 | AF14: =SUM(PzaSellSht!B14:AE14) -> 0 | AG14: =SUM(B14:AE14) -> 0
... A53: =PzaSellSht!A53 -> 0 | B53: =PzaSellSht!B53*B$2 -> 0 | C53: =PzaSellSht!C53*C$2 -> 0 | D53: =PzaSellSht!D53*D$2 -> 0 | E53: =PzaSellSht!E53*E$2 -> 0 | F53: =PzaSellSht!F53*F$2 -> 0 | G53: =PzaSellSht!G53*G$2 -> 0 | H53: =PzaSellSht!H53*H$2 -> 0 | I53: =PzaSellSht!I53*I$2 -> 0 | ... AE53: =PzaSellSht!AE53*AE$2 -> 0 | AF53: =SUM(PzaSellSht!B53:AE53) -> 0 | AG53: =SUM(B53:AE53) -> 0
A54: Total by type | B54: =SUM(B3:B53) -> 0 | C54: =SUM(C3:C53) -> 0 | D54: =SUM(D3:D53) -> 0 | E54: =SUM(E3:E53) -> 0 | F54: =SUM(F3:F53) -> 0 | G54: =SUM(G3:G53) -> 0 | H54: =SUM(H3:H53) -> 0 | I54: =SUM(I3:I53) -> 0 | ... AE54: =SUM(AE3:AE53) -> 0
AD55: Total Count | AF55: =SUM(AF3:AF53) -> 0 | AG55: =SUM(AG3:AG53) -> 0 | AH55: Total Profit

Sheet PzaCost
A1: =PzaSellSht!A1 -> Name | B1: =PzaSellSht!B1 -> Choc Chip | C1: =PzaSellSht!C1 -> Choc/Macadamia | D1: =PzaSellSht!D1 -> Peanut Butter/Choc | E1: =PzaSellSht!E1 -> Sea Salt Carmel | F1: =PzaSellSht!F1 -> Three Cheese Pza | G1: =PzaSellSht!G1 -> Italian Sausage Pza | H1: =PzaSellSht!H1 -> Pepperoni Pza | ... AE1: =PzaSellSht!AE1 -> Ultimate Value Pack | AF1: Total Count | AG1: Total Cost
A2: Cost ea > | B2: =PzaPrice!B3 -> 14 | C2: =PzaPrice!C3 -> 14 | D2: =PzaPrice!D3 -> 14 | E2: =PzaPrice!E3 -> 14 | F2: =PzaPrice!F3 -> 7 | G2: =PzaPrice!G3 -> 7 | H2: =PzaPrice!H3 -> 7 | I2: =PzaPrice!I3 -> 7 | ... AE2: =PzaPrice!AE3 -> 34
A3: =PzaSellSht!A3 -> 0 | B3: =PzaSellSht!B3*B$2 -> 0 | C3: =PzaSellSht!C3*C$2 -> 0 | D3: =PzaSellSht!D3*D$2 -> 0 | E3: =PzaSellSht!E3*E$2 -> 0 | F3: =PzaSellSht!F3*F$2 -> 0 | G3: =PzaSellSht!G3*G$2 -> 0 | H3: =PzaSellSht!H3*H$2 -> 0 | I3: =PzaSellSht!I3*I$2 -> 0 | ... AE3: =PzaSellSht!AE3*AE$2 -> 0 | AF3: =SUM(PzaSellSht!B3:AE3) -> 0 | AG3: =SUM(B3:AE3) -> 0
A4: =PzaSellSht!A4 -> 0 | B4: =PzaSellSht!B4*B$2 -> 0 | C4: =PzaSellSht!C4*C$2 -> 0 | D4: =PzaSellSht!D4*D$2 -> 0 | E4: =PzaSellSht!E4*E$2 -> 0 | F4: =PzaSellSht!F4*F$2 -> 0 | G4: =PzaSellSht!G4*G$2 -> 0 | H4: =PzaSellSht!H4*H$2 -> 0 | I4: =PzaSellSht!I4*I$2 -> 0 | ... AE4: =PzaSellSht!AE4*AE$2 -> 0 | AF4: =SUM(PzaSellSht!B4:AE4) -> 0 | AG4: =SUM(B4:AE4) -> 0
A5: =PzaSellSht!A5 -> 0 | B5: =PzaSellSht!B5*B$2 -> 0 | C5: =PzaSellSht!C5*C$2 -> 0 | D5: =PzaSellSht!D5*D$2 -> 0 | E5: =PzaSellSht!E5*E$2 -> 0 | F5: =PzaSellSht!F5*F$2 -> 0 | G5: =PzaSellSht!G5*G$2 -> 0 | H5: =PzaSellSht!H5*H$2 -> 0 | I5: =PzaSellSht!I5*I$2 -> 0 | ... AE5: =PzaSellSht!AE5*AE$2 -> 0 | AF5: =SUM(PzaSellSht!B5:AE5) -> 0 | AG5: =SUM(B5:AE5) -> 0
A6: =PzaSellSht!A6 -> 0 | B6: =PzaSellSht!B6*B$2 -> 0 | C6: =PzaSellSht!C6*C$2 -> 0 | D6: =PzaSellSht!D6*D$2 -> 0 | E6: =PzaSellSht!E6*E$2 -> 0 | F6: =PzaSellSht!F6*F$2 -> 0 | G6: =PzaSellSht!G6*G$2 -> 0 | H6: =PzaSellSht!H6*H$2 -> 0 | I6: =PzaSellSht!I6*I$2 -> 0 | ... AE6: =PzaSellSht!AE6*AE$2 -> 0 | AF6: =SUM(PzaSellSht!B6:AE6) -> 0 | AG6: =SUM(B6:AE6) -> 0
A7: =PzaSellSht!A7 -> 0 | B7: =PzaSellSht!B7*B$2 -> 0 | C7: =PzaSellSht!C7*C$2 -> 0 | D7: =PzaSellSht!D7*D$2 -> 0 | E7: =PzaSellSht!E7*E$2 -> 0 | F7: =PzaSellSht!F7*F$2 -> 0 | G7: =PzaSellSht!G7*G$2 -> 0 | H7: =PzaSellSht!H7*H$2 -> 0 | I7: =PzaSellSht!I7*I$2 -> 0 | ... AE7: =PzaSellSht!AE7*AE$2 -> 0 | AF7: =SUM(PzaSellSht!B7:AE7) -> 0 | AG7: =SUM(B7:AE7) -> 0
A8: =PzaSellSht!A8 -> 0 | B8: =PzaSellSht!B8*B$2 -> 0 | C8: =PzaSellSht!C8*C$2 -> 0 | D8: =PzaSellSht!D8*D$2 -> 0 | E8: =PzaSellSht!E8*E$2 -> 0 | F8: =PzaSellSht!F8*F$2 -> 0 | G8: =PzaSellSht!G8*G$2 -> 0 | H8: =PzaSellSht!H8*H$2 -> 0 | I8: =PzaSellSht!I8*I$2 -> 0 | ... AE8: =PzaSellSht!AE8*AE$2 -> 0 | AF8: =SUM(PzaSellSht!B8:AE8) -> 0 | AG8: =SUM(B8:AE8) -> 0
A9: =PzaSellSht!A9 -> 0 | B9: =PzaSellSht!B9*B$2 -> 0 | C9: =PzaSellSht!C9*C$2 -> 0 | D9: =PzaSellSht!D9*D$2 -> 0 | E9: =PzaSellSht!E9*E$2 -> 0 | F9: =PzaSellSht!F9*F$2 -> 0 | G9: =PzaSellSht!G9*G$2 -> 0 | H9: =PzaSellSht!H9*H$2 -> 0 | I9: =PzaSellSht!I9*I$2 -> 0 | ... AE9: =PzaSellSht!AE9*AE$2 -> 0 | AF9: =SUM(PzaSellSht!B9:AE9) -> 0 | AG9: =SUM(B9:AE9) -> 0
A10: =PzaSellSht!A10 -> 0 | B10: =PzaSellSht!B10*B$2 -> 0 | C10: =PzaSellSht!C10*C$2 -> 0 | D10: =PzaSellSht!D10*D$2 -> 0 | E10: =PzaSellSht!E10*E$2 -> 0 | F10: =PzaSellSht!F10*F$2 -> 0 | G10: =PzaSellSht!G10*G$2 -> 0 | H10: =PzaSellSht!H10*H$2 -> 0 | I10: =PzaSellSht!I10*I$2 -> 0 | ... AE10: =PzaSellSht!AE10*AE$2 -> 0 | AF10: =SUM(PzaSellSht!B10:AE10) -> 0 | AG10: =SUM(B10:AE10) -> 0
A11: =PzaSellSht!A11 -> 0 | B11: =PzaSellSht!B11*B$2 -> 0 | C11: =PzaSellSht!C11*C$2 -> 0 | D11: =PzaSellSht!D11*D$2 -> 0 | E11: =PzaSellSht!E11*E$2 -> 0 | F11: =PzaSellSht!F11*F$2 -> 0 | G11: =PzaSellSht!G11*G$2 -> 0 | H11: =PzaSellSht!H11*H$2 -> 0 | I11: =PzaSellSht!I11*I$2 -> 0 | ... AE11: =PzaSellSht!AE11*AE$2 -> 0 | AF11: =SUM(PzaSellSht!B11:AE11) -> 0 | AG11: =SUM(B11:AE11) -> 0
A12: =PzaSellSht!A12 -> 0 | B12: =PzaSellSht!B12*B$2 -> 0 | C12: =PzaSellSht!C12*C$2 -> 0 | D12: =PzaSellSht!D12*D$2 -> 0 | E12: =PzaSellSht!E12*E$2 -> 0 | F12: =PzaSellSht!F12*F$2 -> 0 | G12: =PzaSellSht!G12*G$2 -> 0 | H12: =PzaSellSht!H12*H$2 -> 0 | I12: =PzaSellSht!I12*I$2 -> 0 | ... AE12: =PzaSellSht!AE12*AE$2 -> 0 | AF12: =SUM(PzaSellSht!B12:AE12) -> 0 | AG12: =SUM(B12:AE12) -> 0
A13: =PzaSellSht!A13 -> 0 | B13: =PzaSellSht!B13*B$2 -> 0 | C13: =PzaSellSht!C13*C$2 -> 0 | D13: =PzaSellSht!D13*D$2 -> 0 | E13: =PzaSellSht!E13*E$2 -> 0 | F13: =PzaSellSht!F13*F$2 -> 0 | G13: =PzaSellSht!G13*G$2 -> 0 | H13: =PzaSellSht!H13*H$2 -> 0 | I13: =PzaSellSht!I13*I$2 -> 0 | ... AE13: =PzaSellSht!AE13*AE$2 -> 0 | AF13: =SUM(PzaSellSht!B13:AE13) -> 0 | AG13: =SUM(B13:AE13) -> 0
A14: =PzaSellSht!A14 -> 0 | B14: =PzaSellSht!B14*B$2 -> 0 | C14: =PzaSellSht!C14*C$2 -> 0 | D14: =PzaSellSht!D14*D$2 -> 0 | E14: =PzaSellSht!E14*E$2 -> 0 | F14: =PzaSellSht!F14*F$2 -> 0 | G14: =PzaSellSht!G14*G$2 -> 0 | H14: =PzaSellSht!H14*H$2 -> 0 | I14: =PzaSellSht!I14*I$2 -> 0 | ... AE14: =PzaSellSht!AE14*AE$2 -> 0 | AF14: =SUM(PzaSellSht!B14:AE14) -> 0 | AG14: =SUM(B14:AE14) -> 0
... A53: =PzaSellSht!A53 -> 0 | B53: =PzaSellSht!B53*B$2 -> 0 | C53: =PzaSellSht!C53*C$2 -> 0 | D53: =PzaSellSht!D53*D$2 -> 0 | E53: =PzaSellSht!E53*E$2 -> 0 | F53: =PzaSellSht!F53*F$2 -> 0 | G53: =PzaSellSht!G53*G$2 -> 0 | H53: =PzaSellSht!H53*H$2 -> 0 | I53: =PzaSellSht!I53*I$2 -> 0 | ... AE53: =PzaSellSht!AE53*AE$2 -> 0 | AF53: =SUM(PzaSellSht!B53:AE53) -> 0 | AG53: =SUM(B53:AE53) -> 0
A54: Total by type | B54: =SUM(B3:B53) -> 0 | C54: =SUM(C3:C53) -> 0 | D54: =SUM(D3:D53) -> 0 | E54: =SUM(E3:E53) -> 0 | F54: =SUM(F3:F53) -> 0 | G54: =SUM(G3:G53) -> 0 | H54: =SUM(H3:H53) -> 0 | I54: =SUM(I3:I53) -> 0 | ... AE54: =SUM(AE3:AE53) -> 0
AD55: Total Count | AF55: =SUM(AF3:AF53) -> 0 | AG55: =SUM(AG3:AG53) -> 0 | AH55: Total Cost
AG56: =PzaProfit!AG55 -> 0 | AH56: Profit
AG57: =AG56+AG55 -> 0 | AH57: Total Deposit

Sheet PzaPrice
A1: Item: | B1: =PzaSellSht!B1 -> Choc Chip | C1: =PzaSellSht!C1 -> Choc/Macadamia | D1: =PzaSellSht!D1 -> Peanut Butter/Choc | E1: =PzaSellSht!E1 -> Sea Salt Carmel | F1: =PzaSellSht!F1 -> Three Cheese Pza | G1: =PzaSellSht!G1 -> Italian Sausage Pza | H1: =PzaSellSht!H1 -> Pepperoni Pza | I1: =PzaSellSht!I1 -> Pepp/Italian Sausage | ... AE1: =PzaSellSht!AE1 -> Ultimate Value Pack
A2: Sell Price: | B2: 20 | C2: 20 | D2: 20 | E2: 20 | F2: 12 | G2: 12 | H2: 12 | I2: 12 | J2: 12 | K2: 12 | L2: 12 | M2: 12 | N2: 10 | O2: 10 | P2: 11 | Q2: 11 | R2: 11 | S2: 11 | T2: 11 | U2: 11 | V2: 16 | W2: 16 | X2: 16 | Y2: 16 | Z2: 20 | AA2: 20 | AB2: 20 | AC2: 30 | AD2: 32 | AE2: 48
A3: Cost: | B3: 14 | C3: 14 | D3: 14 | E3: 14 | F3: 7 | G3: 7 | H3: 7 | I3: 7 | J3: 7 | K3: 7 | L3: 7 | M3: 7 | N3: 6 | O3: 6 | P3: 6 | Q3: 6 | R3: 6 | S3: 6 | T3: 6 | U3: 6 | V3: 10 | W3: 10 | X3: 10 | Y3: 10 | Z3: 14 | AA3: 14 | AB3: 14 | AC3: 18 | AD3: 18 | AE3: 34
A4: Profit: | B4: =B2-B3-B5 -> 5 | C4: =C2-C3-C5 -> 5 | D4: =D2-D3-D5 -> 5 | E4: =E2-E3-E5 -> 5 | F4: =F2-F3-F5 -> 4 | G4: =G2-G3-G5 -> 4 | H4: =H2-H3-H5 -> 4 | I4: =I2-I3-I5 -> 4 | ... AE4: =AE2-AE3-AE5 -> 12
A5: Org Cut: | B5: 1 | C5: 1 | D5: 1 | E5: 1 | F5: 1 | G5: 1 | H5: 1 | I5: 1 | J5: 1 | K5: 1 | L5: 1 | M5: 1 | N5: 1 | O5: 1 | P5: 1 | Q5: 1 | R5: 1 | S5: 1 | T5: 1 | U5: 1 | V5: 1 | W5: 1 | X5: 1 | Y5: 1 | Z5: 1 | AA5: 1 | AB5: 1 | AC5: 2 | AD5: 2 | AE5: 2
